 Dungeon Crawl Stone Soup version 0.31-a0-466-g98c9adc2b6 (webtiles) character file.

Game seed: 8336873302711166868

79 MisterAzrael the Magician (level 4, -2/33 HPs)
             Began as a Djinni Air Elementalist on Aug 5, 2023.
             Slain by an orc
             ... wielding a +0 short sword
              (3 damage)
             ... on level 2 of the Dungeon.
             The game lasted 00:02:19 (1865 turns).

MisterAzrael the Magician (Djinni Air Elementalist) Turns: 1865, Time: 00:02:19

Health: -2/33      AC:  2    Str:  7    XL:     4   Next: 62%
Gold:   54         EV: 13    Int: 18    God:
                   SH:  0    Dex: 14

rFire   + + .        g - +0 long sword
rCold   x . .        (no shield)
rNeg    . . .        a - +0 robe
rPois   ∞            (no helmet)
rElec   .            (no cloak)
rCorr   .            (no gloves)
SInv    +            (boots unavailable)
Will    .....        (no amulet)
Stlth   ++           b - ring of see invisible
HPRegen 0.25/turn    (no ring)
MPRegen 0.00/turn

%: infuse magic (-3 HP)
@: flying
A: sickness immunity, fire resistance 2, cold vulnerability 1, float, innate
caster, HP casting, extra vitality 1
a: no special abilities


You were on level 2 of the Dungeon.
You visited 1 branch of the dungeon, and saw 3 of its levels.

You collected 54 gold pieces.

Inventory:

Hand Weapons
 g - a +0 long sword (weapon)
Missiles
 h - 2 throwing nets
Armour
 a - a +0 robe (worn)
 l - a scarf of invisibility
Jewellery
 b - a ring of see invisible (left hand)
Talismans
 m - a beast talisman
Scrolls
 d - 2 scrolls of teleportation {unknown}
 f - 2 scrolls of vulnerability {unknown}
 j - 2 scrolls of identify {unknown}
 k - a scroll of fear {unknown}
 n - a scroll of brand weapon {unknown}
 o - a scroll of revelation {unknown}
Potions
 c - a potion of curing {unknown}
 e - a potion of heal wounds {unknown}
 i - a potion of attraction {unknown}
 p - a potion of brilliance {unknown}


   Skills:
 * Level 2.3 Fighting
 + Level 2.9 Dodging
 - Level 1.5 Stealth
 * Level 3.5 Spellcasting
 * Level 3.5 Conjurations
 * Level 3.5 Hexes
   Level 0.0 Charms
 * Level 3.5 Summonings
 * Level 3.5 Necromancy
 * Level 3.5 Translocations
 * Level 3.5 Transmutations
 * Level 3.5 Fire Magic
 * Level 3.5 Ice Magic
 * Level 3.5 Air Magic
 * Level 3.5 Earth Magic
 * Level 3.5 Poison Magic


You knew the following spells:

 Your Spells              Type           Power      Damage    Failure   Level
a - Shock                 Conj/Air       60%        1d6       3%          1
b - Static Discharge      Conj/Air       30%        2-4/arc   5%          2
c - Swiftness             Air            15%        N/A       11%         3
d - Airstrike             Air            7%         2d(2-18)  36%         4
e - Sandblast             Erth           30%        2d9       3%          1
Your spell library was empty.

Dungeon Overview and Level Annotations

Branches:
Dungeon (3/15)

Altars:


Innate Abilities, Weirdness & Mutations

You are immune to sickness and miasma.
You are immune to poison.
Your flesh is very heat resistant. (rF++)
You are vulnerable to cold. (rC-)
You float through the air rather than walking.
You learn spells naturally, not from books.
Your magical power is your life essence.
You have superior vitality. (+4 MHP)


Message History

Press: ? - help, Q - select action, (/) - cycle Shift-Dir - straight line, f/p - orc
Aim: an orc, wielding a +0 short sword and wearing a +0 chain mail (87% to hit)
The blast of sand hits the orc.
The orc is heavily wounded.
The orc barely misses you. The orc hits you but does no damage.
Aiming: Sandblast (safe; 3% risk of failure)
Press: ? - help, Q - select action, (/) - cycle Shift-Dir - straight line, f/p - orc
Aim: an orc, wielding a +0 short sword and wearing a +0 chain mail (heavily wounded, 87% to hit)
The blast of sand misses the orc.
The orc closely misses you.
Aiming: Sandblast (safe; 3% risk of failure)
Press: ? - help, Q - select action, (/) - cycle Shift-Dir - straight line, f/p - orc
Aim: an orc, wielding a +0 short sword and wearing a +0 chain mail (heavily wounded, 87% to hit)
The blast of sand hits the orc but does no damage.
The orc is heavily wounded.
The orc misses you. The orc hits you with a +0 short sword.
* * * LOW HITPOINT WARNING * * *
Aiming: Sandblast (safe; 3% risk of failure)
Press: ? - help, Q - select action, (/) - cycle Shift-Dir - straight line, f/p - orc
Aim: an orc, wielding a +0 short sword and wearing a +0 chain mail (heavily wounded, 87% to hit)
The blast of sand hits the orc but does no damage.
The orc is heavily wounded.
* * * LOW HITPOINT WARNING * * *
The orc hits you with a +0 short sword.
* * * LOW HITPOINT WARNING * * *
You hit the orc but do no damage.
The orc is heavily wounded.
The orc barely misses you. The orc hits you with a +0 short sword.
* * * LOW HITPOINT WARNING * * *
You fly upwards.
There is a stone staircase leading down here.
Aiming: Sandblast (safe; 3% risk of failure)
Press: ? - help, Q - select action, (/) - cycle Shift-Dir - straight line, f - orc
Aim: an orc, wielding a +0 short sword and wearing a +0 chain mail (heavily wounded, 87% to hit)
The blast of sand hits the orc.
The orc is almost dead.
* * * LOW HITPOINT WARNING * * *
The orc hits you with a +0 short sword.
You die...

######### #.......#
#.#####.# #.....#.#
#..##.#.#####
#######..##.#.....#
#..@.....##.#####.#
###o##.#......#.#.#
#.##...##.#.#.#.#
#..###....#...#.##
###................
#...##..####......#
#.#.###.####.#....#
#.#.###....#.#....#
#.#...#.##.#.###.##


You could see an orc.

Vanquished Creatures
  Jessica (D:3)
  Robin (D:2)
  2 ball pythons
  6 endoplasms
  9 goblins
  6 hobgoblins
  A jackal (D:1)
  5 bats
  4 frilled lizards
  A kobold (D:2)
  3 rats
39 creatures vanquished.

Notes
Turn   | Place    | Note
-------+----------+-------------------------------------------
     0 | D:1      | MisterAzrael the Djinni Air Elementalist began the quest
                  | for the Orb.
     0 | D:1      | MisterAzrael set off with the following spells memorised:
                  | Shock, Static Discharge, Swiftness, Airstrike.
     0 | D:1      | Reached XP level 1. HP: 15/15 MP: 0/0
    60 | D:1      | Reached XP level 2. HP: 6/22 MP: 0/0
   486 | D:1      | Reached skill level 1 in Fighting
  1226 | D:2      | Reached XP level 3. HP: 23/27 MP: 0/0
  1226 | D:2      | Learned a level 1 spell: Sandblast
  1318 | D:2      | Noticed Robin
  1322 | D:2      | Killed Robin
  1521 | D:2      | Reached XP level 4. HP: 32/33 MP: 0/0
  1850 | D:3      | Noticed Jessica
  1855 | D:3      | Killed Jessica
  1865 | D:2      | Slain by an orc

Illustrated notes

Levels and vault maps discovered:
D:1:      minmay_arrival_open_corners, layout_basic, nicolae_hexahallways,
          nicolae_concentric_dashed_squares_wild, minmay_misc_feat_x,
          minmay_close_crescents
D:2:      layout_basic, uniq_robin
D:3:      layout_basic, uniq_jessica, uniq_ijyb

Skill      XL: |  1  2  3  4 |
---------------+-------------+-----
Spellcasting   | |  3.5
Conjurations   | |  3.5
Hexes          | |  3.5
Summonings     | |  3.5
Necromancy     | |  3.5
Translocations | |  3.5
Transmutations | |  3.5
Fire Magic     | |  3.5
Ice Magic      | |  3.5
Air Magic      | |  3.5
Earth Magic    | |  3.5
Poison Magic   | |  3.5
Fighting       | 1 2 |  2.3
Dodging        | |  2.9
Stealth        | |  1.5

Action                     |  1- 3 |  4- 6 || total
---------------------------+-------+-------++-------
  Melee: Unarmed           |     4 |       ||     4
         Long sword        |     6 |     1 ||     7
   Cast: Shock             |    41 |     1 ||    42
         Static Discharge  |    12 |       ||    12
         Sandblast         |       |    16 ||    16
   Stab: Sleeping          |     1 |       ||     1
 Armour: Robe              |     8 |     1 ||     9
  Dodge: Dodged            |    18 |    11 ||    29

Table legend: (Time is in decaauts)
 A = Elapsed time spent in this place.
 B = Non-inter-level travel time spent in this place.
 C = Inter-level travel time spent in this place.
 D = Time resting spent in this place.
 E = Time spent auto-exploring this place.
 F = Levels seen in this place.
 G = Mean time per level.
                   A        B        C        D        E       F      G
               +--------+--------+--------+--------+--------+-----+--------+
         Total |   1874 |   1798 |     76 |    451 |   1117 |   3 |  624.7 |
       Dungeon |   1874 |   1798 |     76 |    451 |   1117 |   3 |  624.7 |
               +--------+--------+--------+--------+--------+-----+--------+

Top non-repeatable levels by time:
     D:1: 1156 daAuts
     D:2: 698 daAuts
     D:3: 19 daAuts
